AoeStats
← MagicRobin3573

Arabia

504394381Analyzed
1v1 RM · 27d ago on Sep 5, 2026· 45m 50s· 2 players
Game mode
Random Map
Map size
Tiny (2 player)
Population
200
Speed
Normal
Resources
Standard
Victory
Conquest
Starting age
Dark Age
Ending age
Imperial Age
RankedLock teamsTeams togetherTeam positionsShared explorationLock speedFull tech treeHidden civsTurbo modeCheats
Victory
Defeat
🇺🇸 Malay · United States
1573
+18
🇲🇽 Bohemians · Mexico
1618
-18
MagicRobin3573
5:54 Loom
8:54 Feudal Age
8:10 Man-at-Arms
9:05 Arson
9:29 Loom
14:04 Double-Bit Axe
14:00 Horse Collar
20:10 Castle Age
18:42 Gold Mining
19:16 Fletching
23:39 Wheelbarrow
25:07 Town Watch
26:30 Bow Saw
28:13 Hand Cart
28:34 Bodkin Arrow
30:26 Ballistics
30:41 Padded Archer Armor
30:05 Elite Skirmisher
34:39 Imperial Age
33:03 Thumb Ring
34:23 Bracer
35:59 Leather Archer Armor
38:36 Chemistry
37:27 Crossbowman
39:16 Arbalester
40:39 Ring Archer Armor
42:31 Siege Engineers
Gato Negro
6:09 Loom
9:15 Feudal Age
12:05 Wheelbarrow
15:56 Double-Bit Axe
18:00 Fletching
19:21 Padded Archer Armor
23:42 Castle Age
22:27 Horse Collar
24:50 Wheelbarrow
24:36 Bodkin Arrow
25:32 Fervor
25:43 Sanctity
25:00 Crossbowman
27:58 Chemistry
31:56 Leather Archer Armor
36:08 Town Watch
39:54 Imperial Age
38:32 Heavy Plow
40:47 Elite Skirmisher
42:20 Bracer
42:50 Ring Archer Armor
Connection lost

Rejoining the realm…

Still unreachable

The connection could not be restored.

Session expired

The server has moved on; the page needs a fresh start.